 Dungeon Crawl Stone Soup version 0.28-a0-1002-gf00fe891ef (webtiles) character file.

Game seed: 429458957057089371

5 ytrimaz the Insei (level 1, 0/13 HPs)
             Began as an Octopode Transmuter on Dec 7, 2021.
             Slain by a bat (1 damage)
             ... on level 1 of the Dungeon.
             The game lasted 00:00:21 (235 turns).

ytrimaz the Insei (Octopode Transmuter)              Turns: 235, Time: 00:00:21

Health: 0/13       AC:  1    Str:  9    XL:     1   Next: 80%
Magic:  3/3        EV: 13    Int: 15    God:
Gold:   28         SH:  0    Dex: 12    Spells: 3/4 levels left

rFire   . . .      SeeInvis .     - Unarmed
rCold   . . .      Faith    .   (no shield)
rNeg    . . .      Spirit   .   (helmet restricted)
rPois   .          Reflect  .   (no amulet)
rElec   .          Harm     .   (no ring)
rCorr   .          Rampage  .   (no ring)
Will    .....                   (no ring)
Stlth   ++........              (no ring)
HPRegen 0.04/turn               (no ring)
MPRegen 0.08/turn               (no ring)
                                (no ring)
                                (no ring)

@: no status effects
A: almost no armour, amphibious, 8 rings, camouflage 1, gelatinous body 1,
(nimble swimmer 1), tentacles
a: no special abilities


You were on level 1 of the Dungeon.
You visited 1 branch of the dungeon, and saw 1 of its levels.

You collected 28 gold pieces.

Inventory:

Potions
 a - a potion of lignification {unknown}
 b - a potion of degeneration {unknown}


   Skills:
 * Level 1.1 Fighting
 - Level 2.0 Dodging
 + Level 3.1 Unarmed Combat
 * Level 2.1 Spellcasting
 * Level 2.1 Transmutations


You had 3 spell levels left.
You knew the following spells:

 Your Spells              Type           Power      Damage    Failure   Level
a - Beastly Appendage     Tmut           16%        N/A       9%          1

Your spell library contained the following spells:

 Spells                   Type           Power      Damage    Failure   Level
 Wereblood                Tmut           8%         N/A       14%         2
 Spider Form              Tmut/Pois      4%         N/A       38%         3
 Dazzling Flash           Conj/Hex       2%         N/A       54%         3
 Ice Form                 Ice/Tmut       4%         N/A       80%         4
 Iskenderun's Mystic Bla  Conj/Tloc      1%         2d3       91%         4
 Starburst                Conj/Fire      0%         6d3       100%        6


Dungeon Overview and Level Annotations

Branches:
Dungeon (1/15)

Altars:


Innate Abilities, Weirdness & Mutations

You cannot wear most types of armour.
You are amphibious.
You can wear up to eight rings at the same time.
Your skin changes colour to match your surroundings (Stealth+).
Your rubbery body absorbs attacks. (AC +1, EV +1)
((You are camouflaged near water. (Stealth+)))
You have tentacles for arms and can constrict up to eight enemies at once.


Message History

A bat comes into view.
Found a chain mail.
There are monsters nearby!
There are monsters nearby!
Your magical contamination has completely faded away.
The hobgoblin shouts!
You hear an angry hiss.
The bat hits you but does no damage. The bat barely misses you.
A frilled lizard comes into view.
The goblin shouts!
The frilled lizard hisses angrily.
You tentacle-slap the hobgoblin. You grab the hobgoblin.
The hobgoblin is severely wounded.
You constrict the hobgoblin. The bat misses you.
The hobgoblin closely misses you.
You release your grip on the hobgoblin.
The bat hits you.
An endoplasm comes into view.
A frilled lizard comes into view.
The hobgoblin barely misses you.
Unknown command.
The bat misses you. The hobgoblin barely misses you. The bat misses you.
The bat completely misses you. The bat hits you but does no damage.
The hobgoblin hits you. The bat barely misses you.
The goblin hits you with a +0 club.
The frilled lizard hisses.
You miss the goblin. You grab the goblin. You squeeze the goblin.
The goblin is moderately wounded.
You constrict the goblin. The goblin misses you.
You barely miss the goblin.
The goblin is heavily wounded.
You constrict the goblin. The bat hits you but does no damage.
The hobgoblin hits you. The goblin hits you with a +0 club.
You tentacle-slap the goblin but do no damage.
You squeeze the goblin.
You kill the goblin!
The bat barely misses you. The hobgoblin hits you.
* * * LOW HITPOINT WARNING * * *
Unknown command.
The bat hits you.
* * * LOW HITPOINT WARNING * * *
The bat hits you.
You die...

#.......##.#
#.##.......#
#.##.......#
#..........#
##.......ll#######
#...J...##.#.....#
##......##.#.. ..#
#.........#.###.######.
#.#.##.##.#.#.b@.......
........lgl.#.#######
.########.###.# #.....#
#.....# #######


You could see a hobgoblin, a bat and 2 frilled lizards.

Vanquished Creatures
  A bat (D:1)
  A goblin (D:1)
  2 frilled lizards (D:1)
  A kobold (D:1)
  A rat (D:1)
6 creatures vanquished.

Notes
Turn   | Place    | Note
-------+----------+-------------------------------------------
     0 | D:1      | ytrimaz the Octopode Transmuter began the quest for the
                  | Orb.
     0 | D:1      | Reached XP level 1. HP: 13/13 MP: 3/3
   235 | D:1      | Slain by a bat

Illustrated notes

Levels and vault maps discovered:
D:1:      eino_arrival_cavern_e, layout_loops_cross

Action                   || total
-------------------------++-------
Melee: Unarmed           ||    12
       Constrict         ||     5
       Tentacles         ||     4
 Cast: Beastly Appendage ||     3
 Stab: Sleeping          ||     1
Armor: Skin              ||     4
Dodge: Dodged            ||    18

Table legend: (Time is in decaauts)
 A = Elapsed time spent in this place.
 B = Non-inter-level travel time spent in this place.
 C = Inter-level travel time spent in this place.
 D = Time resting spent in this place.
 E = Time spent auto-exploring this place.
 F = Levels seen in this place.
 G = Mean time per level.
                   A        B        C        D        E       F      G
               +--------+--------+--------+--------+--------+-----+--------+
         Total |    234 |    234 |      0 |      0 |    165 |   1 |  234.0 |
       Dungeon |    234 |    234 |      0 |      0 |    165 |   1 |  234.0 |
               +--------+--------+--------+--------+--------+-----+--------+

Top non-repeatable levels by time:
     D:1: 234 daAuts
